 Dungeon Crawl Stone Soup version 0.20.0-3-g22ec75f (webtiles) character file.

16725 Kosschaser the Grappler (level 12, 0/111 HPs)
             Began as a Troll Berserker on May 26, 2017.
             Was a High Priest of Trog.
             Slain by an orc warrior
             ... wielding a +0 flail
             ... led by an orc warlord
              (22 damage)
             ... on level 2 of the Orcish Mines.
             The game lasted 00:56:26 (9350 turns).

Kosschaser the Grappler (Troll Berserker)           Turns: 9350, Time: 00:56:29

Health: 0/111      AC: 15    Str: 32    XL:     12   Next: 12%
Magic:  0/11       EV: 12    Int:  3    God:    Trog [*****.]
Gold:   891        SH:  0    Dex:  9    Spells: 11/11 levels left

rFire    + + .     SeeInvis .     - Unarmed
rCold    x . .     Gourm    +   (no shield)
rNeg     . . .     Faith    +   q - +0 fire dragon scales
rPois    .         Spirit   +   G - +2 hat
rElec    .         Reflect  .   D - scarf {Spirit}
rCorr    .         Harm     .   (gloves unavailable)
MR       +++..                  (boots unavailable)
Stlth    ..........             y - amulet of faith
Regen    1.7/turn               p - ring of protection from magic
MPRegen  0.2/turn               j - +2 ring of evasion

@: lethally poisoned (0 -> -15), berserk cooldown, regenerating, slowed, very
slow
A: unfitting armour, claws 3, fast metabolism 3, gourmand, regeneration 1,
shaggy fur 1, tough skin 2
a: Berserk, Trog's Hand, Brothers in Arms, Burn Spellbooks, Renounce Religion


You were on level 2 of the Orcish Mines.
You worshipped Trog.
Trog was extremely pleased with you.
You were full.

You visited 2 branches of the dungeon, and saw 12 of its levels.

You collected 1292 gold pieces.
You spent 401 gold pieces at shops.

Inventory:

Armour
 q - +0 fire dragon scales (worn)
 D - a scarf of spirit shield (worn)
 G - a +2 hat (worn)
Jewellery
 j - a +2 ring of evasion (right claw)
 l - an uncursed ring of positive energy
 p - a ring of protection from magic (left claw)
 v - an uncursed ring of protection from cold
 y - an amulet of faith (around neck)
 E - an uncursed ring of see invisible
Wands
 a - a wand of acid (6/15)
 x - a wand of digging (14/24)
 C - a wand of confusion (26/48)
Scrolls
 c - 3 scrolls of remove curse
 d - 4 scrolls of fog
 e - 2 scrolls of magic mapping
 g - 5 scrolls of fear
 i - 2 scrolls of teleportation
 r - 2 scrolls of amnesia {unknown}
 t - 3 scrolls of recharging
 B - a scroll of brand weapon
 F - a scroll of holy word {unknown}
Potions
 h - 5 potions of haste
 m - 2 potions of invisibility
 n - 2 potions of heal wounds
 u - a potion of might {unknown}
 w - 4 potions of curing {unknown}
 z - 3 potions of agility
 A - 3 potions of mutation {unknown}
Comestibles
 b - 6 bread rations
 f - 14 royal jellies
 k - 8 meat rations
 o - 4 fruits


   Skills:
 + Level 5.1 Fighting
 + Level 7.8 Armour
 + Level 6.5 Dodging
 - Level 1.6 Stealth
 + Level 14.6 Unarmed Combat


You had 11 spell levels left.
You didn't know any spells.

Dungeon Overview and Level Annotations

Branches:
Dungeon (10/15)            Temple (0/1) D:5             Orc (2/2) D:10
   Lair: D:8-11         Elf: Orc:2

Altars:
Gozag
Hepliaklqana
Kikubaaqudgha
Makhleb
Nemelex Xobeh
Okawaru
Qazlal
Ru
Sif Muna
Trog
Uskayaw
Zin

Shops:
D:7 ?   D:8 ?   D:9 *   D:10 ?=[}%   Orc:1 *(


Innate Abilities, Weirdness & Mutations

You are too large for most types of armour.
You have claws for hands.
Your metabolism is lightning-fast.
You like to eat raw meat.
Your natural rate of healing is unusually fast.
You are covered in fur. (AC +1)
You have very tough skin. (AC +2)


Message History

You are lethally poisoned!
* * * LOW HITPOINT WARNING * * *
You feel very sick.
You feel a strong urge to attack something.
You are no longer berserk.
You are exhausted.
You feel yourself slow down.
* * * LOW HITPOINT WARNING * * *
You feel very sick.
* * * LOW HITPOINT WARNING * * *
You feel extremely sick.
The orc warrior no longer looks unusually strong.
You feel much better.
You feel very sick.
The orc no longer looks unusually strong. x2
The orc warrior no longer looks unusually strong.
The orc warlord roars a battlecry!
The orcs go into a battle-frenzy!
The orc warrior hits you with a flail!!
You die... ..... .#....# oo. .....#. ooo

.......# ##o##
#...#....... ##))o#
##........... ##.#o#
##............
#....###.............
##..o.###..........#.
##.##@##........#.....
#.....................
##.##.................
# #.....#............
#........#...........
#........##...........
##.#....#.............
##...................
##.#................


You could see an orc warlord, 4 orc warriors, an orc priest and 3 orcs.

Vanquished Creatures
  The ghost of RKaid the Cleaver, a novice MiBe of Trog (D:8)
  6 two-headed ogres
  The ghost of Unholydonuts the Cleaver, a novice MiBe of Trog (D:9)
  An unseen horror (D:10)
  Pikel (D:9)
  An ugly thing (D:9)
  An orc sorcerer (Orc:2)
  The ghost of DasRunzen the Skirmisher, an amateur OgGl (D:4)
  A troll (Orc:1)
  Prince Ribbit (D:6)
  4 hippogriffs
  A wyvern (D:8)
  2 hungry ghosts (D:9)
  A water moccasin (D:7)
  3 soldier ants
  An ice beast (D:9)
  2 sky beasts
  A phantom (D:5)
  14 orc warriors
  A slave (D:9)
  7 ogres
  2 centaurs
  A big kobold (D:7)
  10 bullfrogs
  2 scorpions (D:6)
  9 killer bees
  2 electric eels (D:10)
  8 wights
  5 crimson imps
  4 howler monkeys
  A quasit (D:7)
  A bullfrog zombie (D:6)
  3 jellies
  3 hounds
  2 bullfrog skeletons
  16 orc priests
  A centaur skeleton (D:5)
  18 orc wizards
  3 iguanas
  9 worker ants
  2 hound zombies
  2 howler monkey zombies (D:5)
  A howler monkey skeleton (D:4)
  A worker ant zombie (D:8)
  13 adders
  A river rat (D:4)
  2 shadow imps
  An ooze (D:7)
  2 adder skeletons
  3 worms
  A dart slug (D:1)
  5 leopard geckos
  60 orcs
  4 bats
  7 giant cockroaches
  20 goblins
  7 hobgoblins
  5 quokkas
  A ball python (D:4)
  11 kobolds
  2 leopard gecko zombies
  A quokka skeleton (D:4)
  A quokka zombie (D:5)
  10 rats
315 creatures vanquished.

Vanquished Creatures (collateral kills)
  An orc high priest (Orc:1)
  3 orc knights (Orc:1)
  An orc sorcerer (Orc:1)
  A troll (Orc:1)
  An orc warrior (Orc:1)
  An orc priest (Orc:1)
  3 orc wizards
  An orc (Orc:1)
12 creatures vanquished.

Vanquished Creatures (others)
  3 slaves (D:9)
  An orc (Orc:1)
  A kobold (D:9)
5 creatures vanquished.

Grand Total: 332 creatures vanquished

Notes
Turn   | Place    | Note
-------+----------+-------------------------------------------
     0 | D:1      | Kosschaser the Troll Berserker began the quest for the Orb.
     0 | D:1      | Reached XP level 1. HP: 22/22 MP: 0/0
   276 | D:1      | Reached XP level 2. HP: 29/29 MP: 1/1
   836 | D:2      | Reached XP level 3. HP: 35/36 MP: 2/2
   853 | D:2      | Found a hazy altar of Hepliaklqana.
   973 | D:2      | Found a sacrificial altar of Ru.
  1394 | D:3      | Reached ** piety under Trog
  1483 | D:3      | Reached skill level 4 in Unarmed Combat
  1483 | D:3      | Reached XP level 4. HP: 44/45 MP: 3/3
  1712 | D:3      | Reached XP level 5. HP: 43/53 MP: 4/4
  1821 | D:4      | Noticed DasRunzen's ghost (amateur OgGl)
  1836 | D:4      | Killed DasRunzen's ghost
  1836 | D:4      | Reached skill level 1 in Stealth
  1836 | D:4      | Reached skill level 5 in Unarmed Combat
  1836 | D:4      | Reached XP level 6. HP: 40/61 MP: 5/5
  1903 | D:4      | Noticed a two-headed ogre
  1916 | D:4      | Killed a two-headed ogre
  1916 | D:4      | Reached skill level 1 in Armour
  1916 | D:4      | Reached skill level 7 in Unarmed Combat
  1916 | D:4      | Reached XP level 7. HP: 19/68 MP: 6/6
  1916 | D:4      | Reached XP level 8. HP: 22/78 MP: 7/7
  2343 | D:4      | Reached *** piety under Trog
  2866 | D:5      | Entered Level 5 of the Dungeon
  2932 | D:5      | Found a staircase to the Ecumenical Temple.
  3004 | D:5      | Reached skill level 8 in Unarmed Combat
  3668 | D:6      | Noticed Prince Ribbit
  3688 | D:6      | Found a deep blue altar of Sif Muna.
  3768 | D:6      | Reached skill level 5 in Dodging
  3819 | D:6      | Reached XP level 9. HP: 60/84 MP: 8/8
  3822 | D:6      | Reached skill level 9 in Unarmed Combat
  3999 | D:6      | Reached **** piety under Trog
  4178 | D:6      | Killed Prince Ribbit
  4455 | D:7      | Reached skill level 10 in Unarmed Combat
  4459 | D:7      | Found an iron altar of Okawaru.
  4778 | D:7      | Found Guinal's Magic Scroll Boutique.
  4792 | D:7      | Bought a scroll of identify for 26 gold pieces
  4878 | D:7      | Bought a scroll of identify for 26 gold pieces
  4878 | D:7      | Bought a scroll of identify for 26 gold pieces
  4878 | D:7      | Bought a scroll of identify for 26 gold pieces
  4878 | D:7      | Bought a scroll of fear for 45 gold pieces
  4878 | D:7      | Bought a scroll of identify for 26 gold pieces
  4878 | D:7      | Bought a scroll of identify for 26 gold pieces
  5162 | D:7      | Reached ***** piety under Trog
  5344 | D:8      | Noticed RKaid's ghost (novice MiBe)
  5354 | D:8      | Killed RKaid's ghost
  5354 | D:8      | Reached skill level 11 in Unarmed Combat
  5354 | D:8      | Reached XP level 10. HP: 92/92 MP: 9/9
  5452 | D:8      | Found a glowing silver altar of Zin.
  5453 | D:8      | Found an opulent altar of Gozag.
  5455 | D:8      | Found an ancient bone altar of Kikubaaqudgha.
  5455 | D:8      | Found a hide-covered altar of Uskayaw.
  5455 | D:8      | Found a sparkling altar of Nemelex Xobeh.
  5457 | D:8      | Found a stormy altar of Qazlal.
  5457 | D:8      | Found a burning altar of Makhleb.
  5549 | D:8      | Found a bloodstained altar of Trog.
  5559 | D:8      | Found Ytul's Magic Scroll Emporium.
  5568 | D:8      | Noticed a two-headed ogre
  5575 | D:8      | Killed a two-headed ogre
  5575 | D:8      | Reached skill level 5 in Armour
  5978 | D:8      | Lost intelligence.
  6549 | D:9      | Reached skill level 12 in Unarmed Combat
  6553 | D:9      | Received a gift from Trog
  6562 | D:9      | Found Qywauc's Assorted Antiques.
  6688 | D:9      | Noticed a purple ugly thing
  6703 | D:9      | Killed a purple ugly thing
  6894 | D:9      | Noticed Unholydonuts's ghost (novice MiBe)
  6912 | D:9      | Killed Unholydonuts's ghost
  7022 | D:9      | Noticed a two-headed ogre
  7031 | D:9      | Killed a two-headed ogre
  7031 | D:9      | Reached XP level 11. HP: 101/101 MP: 10/10
  7079 | D:9      | Noticed a two-headed ogre
  7087 | D:9      | Killed a two-headed ogre
  7244 | D:9      | Reached skill level 13 in Unarmed Combat
  7314 | D:9      | Noticed Pikel
  7322 | D:9      | Killed Pikel
  7803 | D:9      | Noticed a two-headed ogre
  7944 | D:9      | Killed a two-headed ogre
  8016 | D:10     | Entered Level 10 of the Dungeon
  8038 | D:10     | Found Mirghoq's Food Boutique.
  8054 | D:10     | Found Exidatol's Antique Armour Shop.
  8064 | D:10     | Bought a runed scarf for 200 gold pieces
  8100 | D:10     | Killed an unseen horror
  8173 | D:10     | Noticed a two-headed ogre
  8185 | D:10     | Killed a two-headed ogre
  8215 | D:10     | Found Qummegu's Gadget Emporium.
  8246 | D:10     | Found Acysoo's Jewellery Emporium.
  8371 | D:10     | Found Luupab's Magic Scroll Emporium.
  8600 | D:10     | Found a staircase to the Orcish Mines.
  8645 | Orc:1    | Entered Level 1 of the Orcish Mines
  8654 | Orc:1    | Reached skill level 5 in Fighting
  8654 | Orc:1    | Reached skill level 14 in Unarmed Combat
  8663 | Orc:1    | Received a gift from Trog
  8893 | Orc:1    | Found Wocuwosu's Weapon Shop.
  8926 | Orc:1    | Noticed an orc sorcerer
  8926 | Orc:1    | Noticed an orc knight
  8928 | Orc:1    | Noticed an orc high priest
  8928 | Orc:1    | Noticed an orc knight
  8933 | Orc:1    | Found Qooph's General Store.
  8936 | Orc:1    | Killed an orc sorcerer
  8939 | Orc:1    | Noticed an orc knight
  8947 | Orc:1    | Killed an orc knight
  8957 | Orc:1    | Killed an orc high priest
  8962 | Orc:1    | Killed an orc knight
  8962 | Orc:1    | Reached XP level 12. HP: 40/111 MP: 5/11
  8978 | Orc:2    | Entered Level 2 of the Orcish Mines
  9082 | Orc:2    | Received a gift from Trog
  9322 | Orc:2    | Noticed an orc warlord
  9349 | Orc:2    | HP: 3/111 [poisoned by an orc warlord]
  9350 | Orc:2    | Slain by an orc warrior

Skill      XL: |  1  2  3  4  5  6  7  8  9 10 11 |
---------------+----------------------------------+-----
Fighting       | 3 4 5 |  5.1
Dodging        | 3 4 5 6 |  6.5
Unarmed Combat | 4 5 7 8 11 12 14 | 14.6
Stealth        | 1 |  1.6
Armour         | 1 3 4 6 7 |  7.8

Action                   |  1- 3 |  4- 6 |  7- 9 | 10-12 || total
-------------------------+-------+-------+-------+-------++-------
Melee: Unarmed           |    98 |    60 |   302 |   438 ||   898
       Punch             |       |       |    13 |    32 ||    45
Invok: Berserk           |       |     2 |     2 |     3 ||     7
       Trog's Hand       |       |       |       |     3 ||     3
       Brothers in Arms  |       |       |       |     2 ||     2
       Burn Spellbooks   |       |       |       |     1 ||     1
  Use: Scroll            |       |       |    12 |     2 ||    14
       Potion            |       |       |       |     2 ||     2
 Stab: Sleeping          |     1 |       |       |       ||     1
  Eat: Chunk             |    15 |     8 |    25 |    53 ||   101
       Fruit             |       |       |     3 |       ||     3
Armor: Animal skin       |    43 |     1 |       |       ||    44
       Fire dragon scale |       |     7 |   124 |   208 ||   339
Dodge: Dodged            |    56 |    35 |   116 |   247 ||   454
